Map: Romanticide LE

Players

Zhukov

  • Race: Terran Terran
  • League: Bronze

Pikachyxa - Winner!

  • Race: Protoss Protoss

VOD

Have the link to the VOD?

Description

Time

  • Played on: July 20, 2021, 8:40 a.m.
  • Length: 4:04
Show
View Real Time Build Order
Export as new Build Order

Zhukov Terran 

Build Orders:  

Get SALT Encoding   

  12  0:00  SCV  
  13  0:12  SCV  
  14  0:19  Supply Depot  
  14  0:29  SCV  
  15  0:42  SCV  
  16  0:43  Barracks  
  16  0:47  Refinery  
  16  0:54  SCV  
  17  1:06  SCV  
  18  1:18  SCV  
  19  1:32  Orbital Command  
  19  1:42  Refinery  
  19  1:47  Barracks Tech Lab  
  19  1:58  SCV  
  19  1:59  Bunker  
  20  2:09  Factory  
  20  2:10  SCV  
  20  2:11  Marauder  
  23  2:23  Supply Depot  
  20  2:45  Marine  
  21  2:59  Hellion  
  23  3:10  Marine  
  14  3:51  SCV  
Show
View Real Time Build Order
Export as new Build Order

Pikachyxa Protoss - Winner!

Build Orders:  

Get SALT Encoding   

  12  0:00  Probe  
  13  0:12  Probe  
  14  0:20  Pylon  
  14  0:24  Probe  
  15  0:41  Probe  
  15  0:42  Pylon  
  16  0:54  Probe  
  17  1:00  Gateway  
  17  1:04  Gateway  
  17  1:15  Gateway  
  17  1:22  Pylon  
  17  1:33  Gateway  
  17  1:49  Zealot (Chrono Boost)  
  21  1:54  Zealot (Chrono Boost)  
  21  2:00  Forge  
  21  2:07  Pylon  
  21  2:08  Zealot (Chrono Boost)  
  27  2:25  Zealot (Chrono Boost)  
  27  2:26  Zealot (Chrono Boost)  
  27  2:41  Photon Cannon  
  27  2:46  Pylon  
  25  2:54  Zealot x2  
  25  2:57  Zealot  
  29  3:20  Zealot  
  29  3:21  Zealot x2  
  29  3:38  Pylon  
  29  3:40  Pylon  
  29  3:43  Pylon  
  29  3:57  Photon Cannon  
Tags
 
Add a new tag
Caveats
  • Supply blocks, unpowered buildings, or Contaminate may cause inaccurate times.
  • Supply counts are checked every 10 seconds.